 Dungeon Crawl Stone Soup version 0.31-a0-626-g8143ab4f1d (webtiles) character file.

Game seed: 14880280010978886703

2219 Flugkiller the Changeling (level 9, -8/61 HPs)
             Began as an Octopode Shapeshifter on Aug 24, 2023.
             Was an Elder of Okawaru.
             Mangled by a boulder beetle (21 damage)
             ... on level 7 of the Dungeon.
             The game lasted 00:12:34 (5493 turns).

Flugkiller the Changeling (Octopode Shapeshifter)   Turns: 5493, Time: 00:12:35

Health: -8/61      AC:  5    Str: 15    XL:     9   Next: 35%
Magic:  10/11      EV: 19    Int: 10    God:    Okawaru [****..]
Gold:   496        SH:  0    Dex: 16    Spells: 8/8 levels left

rFire   . .          .
                       - Unarmed
rCold   . . .        (no shield)
rNeg    + . .        (helmet currently unavailable)
rPois   +            l - amulet of the acrobat
rElec   .            g - ring of positive energy
rCorr   +            m - ring of resist corrosion
SInv    .            o - ring of poison resistance
Will    .....        p - +4 ring of protection
Stlth   +++++        (no ring)
HPRegen 0.30/turn    (no ring)
MPRegen 0.12/turn    (no ring)
                     (no ring)

%: acrobat
@: beast-form, heroic
A: beast (slay +3), almost no armour, amphibious, 8 rings, camouflage 1,
gelatinous body 1, (nimble swimmer 1), tentacles
a: Begin Untransformation, Renounce Religion, Heroism, Finesse


You were on level 7 of the Dungeon.
You worshipped Okawaru.
Okawaru was greatly pleased with you.
You were a hulking beast.
You visited 1 branch of the dungeon, and saw 7 of its levels.

You collected 566 gold pieces.
You spent 70 gold pieces at shops.

Inventory:

Missiles
 f - 2 throwing nets
Armour
 r - a +0 kite shield
   (You took it off a gnoll sergeant on level 7 of the Dungeon)
Jewellery
 g - a ring of positive energy (left tentacle)
   (You found it on level 1 of the Dungeon)
 l - an amulet of the acrobat (around mantle)
   (You found it on level 2 of the Dungeon)
 m - a ring of resist corrosion (right tentacle)
   (You found it on level 4 of the Dungeon)
 o - a ring of poison resistance (on tentacle)
   (You found it on level 5 of the Dungeon)
 p - a +4 ring of protection (on tentacle)
   (You found it on level 6 of the Dungeon)
Talismans
 b - a beast talisman (active)
 c - a flux talisman
Wands
 j - a wand of mindburst (12)
   (You found it on level 5 of the Dungeon)
 t - a wand of light (8)
   (You found it on level 7 of the Dungeon)
 w - a wand of polymorph (11)
   (You found it on level 5 of the Dungeon)
Scrolls
 e - 4 scrolls of immolation
 i - a scroll of enchant armour
 q - 2 scrolls of poison {unknown}
 s - 2 scrolls of revelation
 x - a scroll of brand weapon {unknown}
 z - a scroll of blinking
Potions
 d - a potion of attraction
 h - 2 potions of haste
 k - 2 potions of enlightenment
 n - a potion of resistance
 A - a potion of cancellation {unknown}
 B - 2 potions of brilliance {unknown}


   Skills:
 - Level 5.0(10.0) Fighting
 - Level 6.0(11.0) Dodging
 - Level 2.0(7.0) Stealth
 - Level 6.0(11.0) Unarmed Combat
 - Level 3.0 Invocations
 - Level 3.0 Evocations
 + Level 6.6 Shapeshifting


You had 8 spell levels left.
You didn't know any spells.
Your spell library contained the following spells:

 Spells                   Type           Power      Damage    Failure   Level
 Sting                    Tmut/Pois      0%         1d3       36%         1
 Mephitic Cloud           Conj/Pois/Air  0%         N/A       75%         3
 Passage of Golubria      Tloc           0%         N/A       98%         4
 Metabolic Englaciation   Hex/Ice        0%         N/A       100%        5
 Silence                  Hex/Air        0%         N/A       100%        5
 Yara's Violent Unravell  Hex/Tmut       0%         3d3       100%        5
 Lehudib's Crystal Spear  Conj/Erth      0%         10d2      100%        8
 Tukima's Dance           Hex            Unusable   N/A       N/A         3

Dungeon Overview and Level Annotations

Branches:
Dungeon (7/15) Zot: 26169  Temple (0/1) D:5

Altars:
Cheibriados
Okawaru

Shops:
D:3 *

Annotations:
D:4 Pikel
D:5 2 transporters, Shym's ghost, novice KoEn


Innate Abilities, Weirdness & Mutations

You are a hulking beast.
Your limbs bulge with bestial killing power. (Slay +3)
You cannot wear most types of armour.
You are amphibious.
You can wear up to eight rings at the same time.
Your skin changes colour to match your surroundings (Stealth+).
Your rubbery body absorbs attacks. (AC +1, EV +1)
((You are camouflaged when in or above water. (Stealth+)))
You have tentacles for arms and can constrict up to eight enemies at once.


Message History

You now have 496 gold pieces (gained 14).
t - a wand of light (8)
The two-headed ogre shouts in stereo!
You see here a yellow potion.
Throw: dart (curare)
Press: ? - help, Q - select action, (/) - cycle Shift-Dir - straight line, f - two-headed ogre
Aim: a two-headed ogre, wielding two +0 giant clubs (76% to hit)
You throw a curare-tipped dart.
The curare-tipped dart barely misses the two-headed ogre.
You gain the combat prowess of a mighty hero.
Okawaru will no longer gift you throwing weapons.
Aiming: Mindburst
Press: ? - help, Shift-Dir - straight line, f/p - two-headed ogre
Aim: a two-headed ogre, wielding two +0 giant clubs (chance to affect: 60%)
The two-headed ogre's minds are blasted!!
You tentacle-slap the two-headed ogre. You squeeze the two-headed ogre.
The two-headed ogre is heavily wounded.
The two-headed ogre closely misses you. x2
You batter the two-headed ogre!! You squeeze the two-headed ogre!
The two-headed ogre is almost dead.
You bludgeon the two-headed ogre!
You kill the two-headed ogre!
Okawaru is honoured by your kill.
Okawaru will now gift you throwing weapons as you gain piety.
You can now speed up your combat.
Base training target 6.0 for Dodging reached!
Your base Dodging skill increases to level 6!
You need to enable at least one skill for training.
Your Shapeshifting skill increases to level 6!
You have reached level 9!
Your experience leads to an increase in your attributes!
Increase (S)trength, (I)ntelligence, or (D)exterity?
You feel agile. x2
Unknown command.
Things that are here:
a +0 giant club; a +0 giant club; a two-headed ogre corpse You start resting.
You feel like a meek peon again.
a - a curare-tipped dart You see here a yellow potion.
A boulder beetle is nearby!
B - 2 yellow potions (gained 1)
The boulder beetle completely misses you.
You see here 15 gold pieces.
Throw: dart (curare)
Press: ? - help, Q - select action, (/) - cycle Shift-Dir - straight line, f - boulder beetle
Aim: a boulder beetle (90% to hit)
You throw a curare-tipped dart.
The curare-tipped dart hits the boulder beetle.
The boulder beetle is poisoned.
The boulder beetle convulses.
The boulder beetle seems to slow down.
The boulder beetle is lightly wounded.
You gain the combat prowess of a mighty hero.
The boulder beetle bites you.
The orc warrior shouts!
You tentacle-slap the boulder beetle but do no damage.
You squeeze the boulder beetle, but do no damage.
The boulder beetle is moderately wounded.
The boulder beetle bites you but does no damage.
You tentacle-slap the boulder beetle. You squeeze the boulder beetle.
The boulder beetle is moderately wounded.
You tentacle-slap the boulder beetle but do no damage.
The boulder beetle is moderately wounded.
The boulder beetle waves its antennae.
The boulder beetle completely misses you.
You tentacle-slap the boulder beetle.
You squeeze the boulder beetle, but do no damage.
The boulder beetle is heavily wounded.
You tentacle-slap the boulder beetle.
You squeeze the boulder beetle, but do no damage.
The boulder beetle is heavily wounded.
The boulder beetle bites you!
You completely miss the boulder beetle.
You squeeze the boulder beetle, but do no damage.
The boulder beetle is heavily wounded.
You tentacle-slap the boulder beetle.
The boulder beetle is severely wounded.
The boulder beetle bites you!
You tentacle-slap the orc warrior but do no damage.
You grab the orc warrior.
You constrict the orc warrior, but do no damage.
The orc warrior closely misses you.
You bludgeon the orc warrior!
You squeeze the orc warrior, but do no damage.
The orc warrior is moderately wounded.
You constrict the orc warrior, but do no damage.
The boulder beetle is no longer moving slowly.
The boulder beetle bites you!
You tentacle-slap the orc warrior.
You squeeze the orc warrior, but do no damage.
The orc warrior is heavily wounded.
You constrict the orc warrior, but do no damage.
The orc warrior closely misses you. The boulder beetle misses you.
You tentacle-slap the orc warrior.
The orc warrior is severely wounded.
You constrict the orc warrior.
The orc warrior hits you with a +0 battleaxe!
* * * LOW HITPOINT WARNING * * *
The boulder beetle bites you!!
You die...

..##.......#.# #<..
...............##.# ##..
................#.####..
.....................)..
..................#.####..
..................#.......
.................>...###..
#.........o.......#..# #..
#.#(....Bh........##.###..
#........##.......##......
####.##...## ######..#####...
#........# ##.###.....
#.......## #.##..###.
##.......# #.##.## #.
##........######## #....# #.
#................#####....#####
###.......######...............


You could see a boulder beetle (poisoned) and an orc warrior.

Vanquished Creatures
  A two-headed ogre (D:7)
  Grinder (D:6)
  Eustachio (D:6)
  2 ice beasts (D:7)
  2 sky beasts (D:7)
  2 black bears
  A centaur (D:6)
  A kobold brigand (D:5)
  A bullfrog (D:5)
  A gnoll sergeant (D:7)
  A scorpion (D:5)
  3 hounds
  2 sleepcaps
  2 iguanas
  2 orc wizards (D:6)
  6 gnolls
  3 adders
  A white imp (D:7)
  An ufetubus (D:4)
  3 worms
  2 dart slugs (D:4)
  3 orcs
  6 endoplasms
  A giant cockroach (D:4)
  8 goblins
  8 hobgoblins
  4 jackals
  16 kobolds
  5 ball pythons
  3 bats
  2 frilled lizards
  4 rats
99 creatures vanquished.

Notes
Turn   | Place    | Note
-------+----------+-------------------------------------------
     0 | D:1      | Flugkiller the Octopode Shapeshifter began the quest for
                  | the Orb.
     0 | D:1      | Reached XP level 1. HP: 13/13 MP: 1/1
    48 | D:1      | Reached skill level 1 in Stealth
   204 | D:1      | Reached XP level 2. HP: 18/18 MP: 2/2
   624 | D:1      | Reached XP level 3. HP: 20/24 MP: 3/3
  1387 | D:3      | Found a faded altar of an unknown god.
  1467 | D:3      | Reached XP level 4. HP: 29/29 MP: 4/4
  1726 | D:3      | Found Qukkief's General Store.
  1729 | D:3      | Bought 2 scrolls of identify for 40 gold pieces
  1834 | D:3      | Bought a potion of curing for 30 gold pieces
  2070 | D:4      | Noticed Pikel
  2070 | D:4      | Noticed a lemure
  2072 | D:4      | Noticed a lemure
  2156 | D:4      | Noticed a lemure
  2202 | D:4      | Noticed an ogre
  2243 | D:4      | Noticed a lemure
  2482 | D:4      | Found an iron altar of Okawaru.
  2488 | D:4      | Found a snail-covered altar of Cheibriados.
  2492 | D:4      | Became a worshipper of Warmaster Okawaru
  2525 | D:4      | Noticed an acid dragon
  2568 | D:4      | Reached XP level 5. HP: 28/35 MP: 5/5
  2578 | D:5      | Entered Level 5 of the Dungeon
  2578 | D:5      | Noticed a centaur
  2578 | D:5      | Noticed a troll
  2579 | D:5      | Found a transporter.
  2579 | D:5      | Found a transporter.
  2579 | D:5      | Noticed Shym's ghost (novice KoEn)
  3073 | D:5      | Found a staircase to the Ecumenical Temple.
  3150 | D:5      | Reached skill level 1 in Evocations
  3150 | D:5      | Reached XP level 6. HP: 20/41 MP: 6/6
  3268 | D:5      | Reached * piety under Okawaru
  3566 | D:6      | Noticed Eustachio
  3572 | D:6      | Noticed Grinder
  3591 | D:6      | Killed Eustachio
  3592 | D:6      | Reached skill level 5 in Unarmed Combat
  3592 | D:6      | Reached XP level 7. HP: 44/46 MP: 7/7
  3596 | D:6      | Killed Grinder
  3596 | D:6      | Reached ** piety under Okawaru
  3597 | D:6      | Reached skill level 5 in Shapeshifting
  3690 | D:5      | Reached skill level 1 in Invocations
  3944 | D:6      | Got the Folio of Contaminated Congelation
  4097 | D:6      | Reached XP level 8. HP: 46/52 MP: 8/10
  4254 | D:6      | HP: 2/52 [centaur (2)]
  4892 | D:7      | Noticed a two-headed ogre
  5276 | D:7      | Reached skill level 5 in Fighting
  5276 | D:7      | Reached skill level 5 in Dodging
  5281 | D:7      | Noticed a boulder beetle
  5322 | D:7      | Reached *** piety under Okawaru
  5446 | D:7      | Killed a two-headed ogre
  5446 | D:7      | Reached **** piety under Okawaru
  5447 | D:7      | Reached XP level 9. HP: 61/61 MP: 8/11
  5493 | D:7      | Mangled by a boulder beetle

Illustrated notes

Levels and vault maps discovered:
D:1:      saegor_arrival_miasma, layout_basic
D:2:      layout_rooms, chequers_decorated_corner, serial_bayou_lagoon_a
D:3:      layout_basic, nicolae_ecumenical_pavilion, serial_shops,
          nicolae_shop_real_fake_doors, st_stairs_14, minmay_misc_feat_x
D:4:      layout_cave_pools, grunt_temple_overflow_open, uniq_pikel
D:5:      layout_layer_cave, minmay_temple_entry_grid, gammafunk_ghost_arena
D:6:      layout_rooms, minmay_misc_feat_tiny, uniq_eustachio, uniq_grinder
D:7:      layout_rooms, minmay_manual_mail

Skill      XL: |  1  2  3  4  5  6  7  8 |
---------------+-------------------------+-----
Stealth        | 2 |  2.0
Fighting       | 2 3 5 |  5.0
Unarmed Combat | 4 5 6 |  6.0
Evocations     | 1 2 3 |  3.0
Dodging        | 3 4 6 |  6.0
Shapeshifting  | 4 5 6 |  6.6
Invocations    | 3 |  3.0

Action                     |  1- 3 |  4- 6 |  7- 9 || total
---------------------------+-------+-------+-------++-------
  Melee: Unarmed           |    69 |    75 |   112 ||   256
         Constrict         |    22 |    18 |    18 ||    58
         Tentacles         |    11 |    17 |    29 ||    57
         Punch             |     2 |     1 |     4 ||     7
  Throw: Dart              |       |       |     2 ||     2
 Invoke: Heroism           |       |       |     3 ||     3
  Evoke: Wand              |       |       |     5 ||     5
    Use: Scroll            |     3 |     6 |     5 ||    14
         Potion            |     1 |     1 |     4 ||     6
   Stab: Sleeping          |     4 |     7 |     1 ||    12
 Armour: Skin              |     5 |    11 |    21 ||    37
  Dodge: Dodged            |    37 |    52 |    85 ||   174

Table legend: (Time is in decaauts)
 A = Elapsed time spent in this place.
 B = Non-inter-level travel time spent in this place.
 C = Inter-level travel time spent in this place.
 D = Time resting spent in this place.
 E = Time spent auto-exploring this place.
 F = Levels seen in this place.
 G = Mean time per level.
                   A        B        C        D        E       F      G
               +--------+--------+--------+--------+--------+-----+--------+
         Total |   5488 |   5024 |    464 |   1372 |   2173 |   7 |  784.0 |
       Dungeon |   5488 |   5024 |    464 |   1372 |   2173 |   7 |  784.0 |
               +--------+--------+--------+--------+--------+-----+--------+

Top non-repeatable levels by time:
     D:5: 1294 daAuts
     D:3: 908 daAuts
     D:6: 905 daAuts
     D:1: 834 daAuts
     D:7: 715 daAuts
     D:2: 547 daAuts
     D:4: 282 daAuts
